 Dungeon Crawl Stone Soup version 0.23-a0-49-gd9f7a49 (webtiles) character file.

1976 iamserjio the Ducker (level 9, -14/61 HPs)
             Began as an Octopode Artificer on Aug 7, 2018.
             Was a Follower of Okawaru.
             Hit by a tomahawk thrown by an orc warrior (18 damage)
             ... on level 7 of the Dungeon.
             The game lasted 00:25:38 (8110 turns).

iamserjio the Ducker (Octopode Artificer)           Turns: 8110, Time: 00:25:39

Health: -14/61     AC:  1    Str: 13    XL:     9   Next: 20%
Magic:  12/12      EV: 13    Int: 16    God:    Okawaru [*.....]
Gold:   343        SH: 12    Dex: 13    Spells: 8/8 levels left

rFire    . . .     SeeInvis .   G - +3 short sword (venom)
rCold    + . .     Gourm    .   z - +0 large shield (curse)
rNeg     . . .     Faith    .   (helmet restricted)
rPois    .         Spirit   .   (no amulet)
rElec    .         Reflect  .   A - ring of protection from cold
rCorr    .         Harm     .   o - +2 ring of strength
MR       .....                  (no ring)
Stlth    +++++.....             (no ring)
HPRegen  0.20/turn              (no ring)
MPRegen  0.13/turn              (no ring)
                                (no ring)
                                (no ring)

@: no status effects
A: almost no armour, stealthy swim, amphibious, 8 rings, constrict 8, camouflage
1, gelatinous body 1
a: Heroism, Renounce Religion


You were on level 7 of the Dungeon.
You worshipped Okawaru.
Okawaru was aware of your devotion.
You were not hungry.

You visited 1 branch of the dungeon, and saw 7 of its levels.

You collected 343 gold pieces.

Inventory:

Hand Weapons
 a - a +0 short sword
 k - a +1 trident of freezing
 n - a +2 whip of freezing
 D - a +0 hand crossbow
 G - a +3 short sword of venom (weapon)
 I - a +1 mace of holy wrath
 L - a +3 dagger
Missiles
 g - 137 arrows
 i - 9 tomahawks
 r - 300 stones (quivered)
 s - 52 sling bullets
 B - 20 poisoned needles
Armour
 z - a cursed +0 large shield (worn)
Jewellery
 o - a +2 ring of strength (right tentacle)
 A - a ring of protection from cold (left tentacle)
 H - an uncursed amulet of the gourmand {unknown}
Wands
 b - a wand of flame (8)
 c - a wand of enslavement (3)
 d - a wand of random effects (3)
 y - a wand of polymorph (14)
Scrolls
 e - 4 scrolls of teleportation
 h - a scroll of amnesia {unknown}
 l - 2 scrolls of fog {unknown}
 m - 2 scrolls of remove curse {@r2}
 u - 2 scrolls of noise {unknown}
 w - a scroll of enchant weapon {unknown}
 C - a scroll of fear {unknown}
 E - a scroll of vulnerability {unknown}
 F - a scroll of immolation {unknown}
 M - a scroll of identify {@r1}
Potions
 j - a potion of mutation
 p - 2 potions of cancellation {unknown}
 q - a potion of magic
 t - a potion of ambrosia {unknown}
 v - 2 potions of might {unknown}
 x - a potion of curing {unknown}
 J - a potion of flight {unknown}
Comestibles
 f - 22 rations
 K - 2 chunks of flesh


   Skills:
 + Level 5.2 Fighting
 + Level 2.0 Short Blades
 * Level 7.7 Dodging
 + Level 7.6 Stealth
 + Level 2.6 Shields
 + Level 2.9 Invocations
 - Level 4.0 Evocations


You had 8 spell levels left.
You didn't know any spells.
Your spell library contained the following spells:

 Spells                   Type           Power        Failure   Level  Hunger
 Magic Dart               Conj           #...         99%         1    ##.....
 Iskenderun's Mystic Bla  Conj           #.......     100%        4    #####..
 Fulminant Prism          Conj/Hex       #.........   100%        4    #####..
 Dazzling Spray           Conj/Hex       #.....       100%        3    ####...
 Force Lance              Conj/Tloc      #.......     100%        4    #####..
 Searing Ray              Conj           #.....       100%        2    ###....


Dungeon Overview and Level Annotations

Branches:
Dungeon (7/15)             Temple (0/1) D:6

Altars:
Dithmenos
Makhleb
Okawaru
Ru
Sif Muna
Uskayaw
Xom
The Shining One

Shops:
D:7 =


Innate Abilities, Weirdness & Mutations

You cannot wear most types of armour.
You are very stealthy in the water. (Stealth+)
You are amphibious.
You can wear up to eight rings at the same time.
You can use your tentacles to constrict eight enemies at once.
Your skin changes colour to match your surroundings (Stealth+).
Your rubbery body absorbs attacks. (AC +1, EV +1)


Message History

The orc warrior is lightly wounded.
The orc warrior hits you with a hand axe!
You hit the orc warrior.
The orc warrior looks as sick as possible!
Your grab misses the orc warrior. You squeeze the orc warrior.
The orc warrior is moderately wounded.
The orc warrior hits you with a hand axe!
You hit the orc warrior.
The orc warrior looks as sick as possible!
Your grab misses the orc warrior.
The orc warrior is heavily wounded.
An orc priest comes into view.
The orc warrior hits you with a hand axe!
* * * LOW HITPOINT WARNING * * *
The orc warrior throws a tomahawk.
The tomahawk hits you!
* * * LOW HITPOINT WARNING * * *
Okay, then.
Okay, then.
The orc warrior throws a tomahawk.
The tomahawk hits you!!
You die...

.........#.....
...............
.............
o.......... .......(.#
#o# ##.# ### #..# ##
#p# #@## ##.# #'###.#
##.... #.##..##......
#............<
####.......... ######
#..........#
##....#####..#......#
##.>....##.))[.[..p.##
#.........####.....##


You could see an orc warrior.

Vanquished Creatures
  Grinder (D:4)
  A hippogriff (D:7)
  Menkaure (D:7)
  An orc warrior (D:6)
  A sky beast (D:5)
  An ice beast (D:7)
  A necrophage (D:6)
  An ogre (D:3)
  A centaur (D:6)
  A bullfrog (D:6)
  2 scorpions
  4 orc priests
  A centaur zombie (D:7)
  A jelly (D:5)
  A hound (D:5)
  11 orc wizards
  An iguana (D:4)
  4 worker ants
  A worker ant zombie (D:5)
  2 gnolls
  8 adders
  An ooze (D:4)
  An adder zombie (D:7)
  A worm (D:3)
  A dart slug (D:2)
  38 orcs
  A ball python (D:1)
  4 bats
  2 giant cockroaches
  6 hobgoblins
  5 quokkas
  3 frilled lizards
  8 kobolds
  A leopard gecko skeleton (D:5)
  9 rats
127 creatures vanquished.

Vanquished Creatures (collateral kills)
  An orc priest (D:7)
  An adder (D:7)
  4 orcs
6 creatures vanquished.

Vanquished Creatures (others)
  Pikel (D:7)
  2 slaves (D:7)
  A centaur zombie (D:7)
  An orc priest (D:6)
  A gnoll (D:4)
  An adder (D:7)
7 creatures vanquished.

Grand Total: 140 creatures vanquished

Notes
Turn   | Place    | Note
-------+----------+-------------------------------------------
     0 | D:1      | iamserjio the Octopode Artificer began the quest for the Orb.
     0 | D:1      | Reached XP level 1. HP: 13/13 MP: 3/3
   318 | D:1      | Reached XP level 2. HP: 18/18 MP: 4/4
   997 | D:2      | Reached XP level 3. HP: 7/23 MP: 5/5
  1609 | D:2      | Found a sacrificial altar of Ru.
  1609 | D:2      | Found a shimmering altar of Xom.
  1650 | D:2      | Found a deep blue altar of Sif Muna.
  2043 | D:3      | Reached XP level 4. HP: 25/29 MP: 6/6
  2187 | D:3      | Found a hide-covered altar of Uskayaw.
  2847 | D:3      | Reached XP level 5. HP: 26/34 MP: 8/8
  3226 | D:4      | Noticed Grinder
  3343 | D:4      | Noticed an ogre
  3373 | D:3      | Killed an ogre
  3373 | D:3      | Reached XP level 6. HP: 39/41 MP: 9/9
  3413 | D:4      | Killed Grinder
  3413 | D:4      | Reached skill level 5 in Dodging
  3413 | D:4      | Reached XP level 7. HP: 41/46 MP: 10/10
  3578 | D:4      | Reached skill level 5 in Stealth
  3863 | D:4      | Found a shadowy altar of Dithmenos.
  4093 | D:4      | Found an iron altar of Okawaru.
  4357 | D:4      | Became a worshipper of Warmaster Okawaru
  4407 | D:5      | Entered Level 5 of the Dungeon
  4565 | D:5      | Found a glowing golden altar of the Shining One.
  4705 | D:5      | HP: 2/48 [poisoned by a worker ant]
  5187 | D:5      | Reached XP level 8. HP: 50/54 MP: 11/11
  5655 | D:5      | Found a burning altar of Makhleb.
  5871 | D:6      | Reached skill level 1 in Invocations
  6087 | D:6      | Reached skill level 1 in Shields
  6257 | D:6      | Was placed under penance by Okawaru
  6805 | D:6      | Noticed a merfolk javelineer
  6805 | D:6      | Noticed a merfolk
  6805 | D:6      | Noticed a merfolk
  7044 | D:6      | Was forgiven by Okawaru
  7048 | D:6      | Found a staircase to the Ecumenical Temple.
  7311 | D:6      | Reached skill level 5 in Fighting
  7548 | D:7      | Noticed Menkaure
  7556 | D:7      | Killed Menkaure
  7556 | D:7      | Reached * piety under Okawaru
  7556 | D:7      | Reached XP level 9. HP: 45/61 MP: 12/12
  7955 | D:7      | Noticed Pikel
  8014 | D:7      | Killed Pikel
  8061 | D:7      | Found Xaoheduph's Jewellery Emporium.
  8110 | D:7      | Hit by a tomahawk thrown by an orc warrior

Vault maps used:
D:1:      lemuel_arrival_lava_pool
D:2:      led_sif_pool, gammafunk_temple_overflow_statue
D:3:      lemuel_doored_altar
D:4:      okawaru_altar_gauntlet_db, first_ration,
          grunt_dithmenos_smoke_and_mirrors, uniq_grinder
D:5:      wad_crossroads, old_standard_altar, makhleb_blood_cavern_becter
D:6:      minmay_temple_entry_metal_lava, minmay_misc_feat_chi,
          lightli_orcish_oven
D:7:      serial_shops, nicolae_shop_statue_plus, kennysheep_mini,
          shop_fountains, shop, uniq_crazy_yiuf_cottage, uniq_pikel,
          uniq_menkaure

Skill      XL: |  1  2  3  4  5  6  7  8  9 |
---------------+----------------------------+-----
Stealth        | 2 3 4 6 7 |  7.6
Dodging        | 3 4 5 6 7 |  7.7
Fighting       | 2 3 4 5 |  5.2
Evocations     | 4 |  4.0
Invocations    | 2 |  2.9
Shields        | 2 |  2.6
Short Blades   | 2 |  2.0

Action                   |  1- 3 |  4- 6 |  7- 9 || total
-------------------------+-------+-------+-------++-------
Melee: Short sword       |    65 |    54 |   195 ||   314
       Constrict         |    21 |    11 |    53 ||    85
       Tentacles         |     7 |     9 |    41 ||    57
Throw: Stone             |       |     1 |     1 ||     2
Invok: Heroism           |       |       |     1 ||     1
Evoke: Wand              |     1 |    12 |    18 ||    31
  Use: Scroll            |     1 |     2 |     6 ||     9
       Potion            |       |       |     1 ||     1
 Stab: Sleeping          |     7 |     2 |    15 ||    24
       Paralysed         |       |     6 |     3 ||     9
  Eat: Chunk             |     3 |     5 |    14 ||    22
Armor: Skin              |     7 |     1 |     8 ||    16
Dodge: Dodged            |    30 |    34 |    94 ||   158
Block: Large shield      |       |       |    72 ||    72

Table legend:
 A = Spawn XP
 B = Non-spawn XP
 C = Spawn XP percentage of total XP
 D = Spawn monster count
 E = Non-spawn monster count
 F = Spawn count percentage of total count
 G = Total turns spent on level
                    A         B        C        D         E        F      G
               +---------+---------+-------+---------+---------+-------+---------
         Total |       0 |    2824 |   0.0 |       0 |     134 |   0.0 |  8110
               +---------+---------+-------+---------+---------+-------+---------
           D:1 |       0 |      22 |   0.0 |       0 |      15 |   0.0 |   893
           D:2 |       0 |      32 |   0.0 |       0 |      13 |   0.0 |   975
           D:3 |       0 |     261 |   0.0 |       0 |      21 |   0.0 |  1651
           D:4 |       0 |     622 |   0.0 |       0 |      22 |   0.0 |   888
           D:5 |       0 |     517 |   0.0 |       0 |      22 |   0.0 |  1488
           D:6 |       0 |     717 |   0.0 |       0 |      28 |   0.0 |  1372
           D:7 |       0 |     653 |   0.0 |       0 |      13 |   0.0 |   843
               +---------+---------+-------+---------+---------+-------+---------
